General information
- name: BNet
- type: Ladder 1vs1/FFA
- host: Battle.net
- saver: TIMG4STRok
map: TwistedMeadows
- players: 2
- length: 31:18
- speed: Fast
- version: 1.21 W3XP
- replay type:

» download(117 KB)
Players
team 1 (loser)

»
TIMG4STRok (
pink | 140 APM | 4375 actions | 31:18)
5 Lich
3 Frost Nova
2 Dark Ritual
5 Death Knight
3 Death Coil
2 Unholy Aura
» actions
| Assign group hotkey | 42 | |
| Basic commands | 115 | |
| Build / train | 94 | |
| ESC pressed | 4 | |
| Enter build submenu | 21 | |
| Enter hero's abilities submenu | 10 | |
| Give item / drop item | 5 | |
| Right click | 2023 | |
| Select / deselect | 402 | |
| Select group hotkey | 1532 | |
| Use ability | 126 | |
4375 total
» units
| Acolyte | 23 | |
| Ghoul | 10 | |
| Gargoyle | 16 | |
| Obsidian Statue | 7 | |
| Abomination | 2 | |
58 total
» upgrades
| Stone Form | 1 | |
| Ghoul Frenzy | 1 | |
| Creature Attack | 1 | |
| Unholy Armor | 1 | |
| Destroyer Form | 1 | |
5 total
» buildings
| Crypt | 2 | |
| Altar of Darkness | 1 | |
| Ziggurat | 9 | |
| Tomb of Relics | 1 | |
| Halls of the Dead | 1 | |
| Graveyard | 1 | |
| Black Citadel | 1 | |
| Slaughterhouse | 2 | |
| Necropolis | 1 | |
| Spirit Tower | 3 | |
22 total
» build order
00:06 Crypt
00:09 Altar of Darkness
00:23 Ziggurat
00:49 Tomb of Relics
01:25 Ziggurat
04:14 Halls of the Dead
04:32 Graveyard
04:35 Ziggurat
04:37 Crypt
06:26 Ziggurat
08:23 Black Citadel
09:20 Slaughterhouse
12:51 Ziggurat
17:19 Ziggurat
17:27 Necropolis
17:31 Ziggurat
17:53 Ziggurat
18:50 Spirit Tower
23:57 Spirit Tower
23:58 Ziggurat
24:51 Spirit Tower
27:19 Slaughterhouse
» items
| Rod of Necromancy | 3 | |
| Orb of Corruption | 1 | |
| Boots of Speed | 1 | |
| Scroll of Protection | 1 | |
| Scroll of Healing | 2 | |
| Dust of Appearance | 1 | |
| Potion of Mana | 1 | |
| Scroll of Town Portal | 2 | |
| Potion of Healing | 1 | |
13 total
team 2 (winner)
mirto (
purple | 77 APM | 2408 actions | 31:18)
5 Crypt Lord
3 Carrion Beetles
2 Spiked Carapace
5 Pit Lord
3 Howl of Terror
2 Cleaving Attack
4 Dreadlord
2 Sleep
2 Vampiric Aura
» actions
| Assign group hotkey | 82 | |
| Basic commands | 195 | |
| Build / train | 105 | |
| Enter build submenu | 21 | |
| Enter hero's abilities submenu | 14 | |
| Give item / drop item | 4 | |
| Remove unit from queue | 4 | |
| Right click | 628 | |
| Select / deselect | 778 | |
| Select group hotkey | 485 | |
| Use ability | 92 | |
2408 total
» units
| Acolyte | 20 | |
| Ghoul | 4 | |
| Crypt Fiend | 20 | |
| Obsidian Statue | 3 | |
| Abomination | 11 | |
58 total
» upgrades
| Web | 1 | |
| Burrow | 1 | |
| Creature Attack | 1 | |
| Creature Carapace | 1 | |
| Unholy Strength | 1 | |
| Unholy Armor | 1 | |
6 total
» buildings
| Crypt | 1 | |
| Ziggurat | 7 | |
| Graveyard | 1 | |
| Altar of Darkness | 1 | |
| Nerubian Tower | 1 | |
| Halls of the Dead | 1 | |
| Spirit Tower | 1 | |
| Tomb of Relics | 2 | |
| Slaughterhouse | 2 | |
| Black Citadel | 1 | |
| Necropolis | 2 | |
20 total
» build order
00:08 Crypt
00:09 Ziggurat
00:38 Graveyard
00:57 Altar of Darkness
01:32 Nerubian Tower
01:50 Ziggurat
02:48 Halls of the Dead
03:22 Spirit Tower
04:54 Tomb of Relics
05:00 Ziggurat
06:38 Slaughterhouse
08:15 Ziggurat
08:58 Black Citadel
12:06 Ziggurat
17:33 Tomb of Relics
17:57 Necropolis
17:59 Ziggurat
17:59 Ziggurat
23:37 Slaughterhouse
24:19 Necropolis
» items
| Potion of Healing | 3 | |
| Scroll of Town Portal | 3 | |
| Sacrificial Skull | 1 | |
| Potion of Lesser Invulnerability | 2 | |
| Boots of Speed | 2 | |
| Scroll of Healing | 3 | |
| Orb of Corruption | 1 | |
| Scroll of Protection | 1 | |
16 total
Chat log
(18:47 / All) TIMG4STRok: ...